 Dungeon Crawl Stone Soup version 0.20-a0-903-g7e3609c (webtiles) character file.

196 tarabluh the Ducker (level 5, -1/28 HPs)
             Began as a Deep Elf Summoner on Mar 21, 2017.
             Slain by a gnoll
             ... wielding a +0 spear
              (12 damage)
             ... on level 3 of the Dungeon.
             The game lasted 00:08:56 (4090 turns).

tarabluh the Ducker (Deep Elf Summoner)             Turns: 4090, Time: 00:08:58

Health: -1/28      AC:  3    Str:  6    XL:     5   Next: 46%
Magic:  1/12       EV: 16    Int: 20    God:
Gold:   88         SH:  0    Dex: 15    Spells: 1/10 levels left

rFire    . . .     SeeInvis .   s - +1 dagger (venom)
rCold    . . .     Gourm    .   a - +0 robe
rNeg     . . .     Faith    .   (no shield)
rPois    .         Spirit   .   i - +0 helmet
rElec    .         Reflect  .   (no cloak)
rCorr    .         Harm     .   (no gloves)
MR       .....                  (no boots)
Stlth    ++........             (no amulet)
Regen    0.1/turn               (no ring)
MPRegen  0.2/turn               (no ring)

@: no status effects
A: no striking features
a: no special abilities


You were on level 3 of the Dungeon.
You were not hungry.

You visited 1 branch of the dungeon, and saw 3 of its levels.

You collected 88 gold pieces.

Inventory:

Hand Weapons
 m - a +0 spear
 s - a +1 dagger of venom (weapon)
Missiles
 g - 72 stones (quivered)
Armour
 a - a +0 robe (worn)
 i - a +0 helmet (worn)
Scrolls
 e - a scroll of enchant armour {unknown}
 f - a scroll of magic mapping {unknown}
 k - 3 scrolls of fog {unknown}
 q - a scroll of teleportation {unknown}
 r - a scroll of random uselessness {unknown}
 v - 3 scrolls of identify {unknown}
Potions
 d - a potion of ambrosia {unknown}
 h - a potion of cancellation {unknown}
 l - a potion of brilliance {unknown}
 p - 2 potions of mutation {unknown}
 u - 2 potions of degeneration {unknown}
 w - a potion of curing {unknown}
 x - a potion of flight {unknown}
 z - a potion of heal wounds {unknown}
 A - a potion of might {unknown}
 B - 2 potions of lignification {unknown}
Books
 b - a book of Callings

   Spells                             Type                      Level
   a - Summon Small Mammal            Summoning                    1
   b - Call Imp                       Summoning                    2
   c - Call Canine Familiar           Summoning                    3
   d - Summon Guardian Golem          Hexes/Summoning              3
   e - Summon Lightning Spire         Summoning/Air                4
   f - Summon Ice Beast               Ice/Summoning                4
Comestibles
 c - 3 bread rations
 j - 3 meat rations
 n - 4 fruits
 o - a royal jelly
 t - 9 chunks of flesh


   Skills:
 + Level 0.7 Fighting
 - Level 6.4 Dodging
 - Level 2.4 Stealth
 + Level 3.4 Spellcasting
 + Level 4.6 Summonings


You had one spell level left.
You knew the following spells:

 Your Spells              Type           Power        Failure   Level  Hunger
a - Summon Small Mammal   Summ           ###.         2%          1    None
b - Call Imp              Summ           ###.....     3%          2    ##.....
c - Call Canine Familiar  Summ           ###.....     10%         3    ###....
d - Summon Guardian Gole  Hex/Summ       ##......     17%         3    ###....


Dungeon Overview and Level Annotations

Branches:
Dungeon (3/15)

Altars:


Message History

Your quokka's corpse disappears in a puff of smoke!
Your quokka barely misses the gnoll shaman.
The hobgoblin barely misses your hound.
Your white imp hits the gnoll shaman but does no damage.
The gnoll hits you from afar with a spear.
Your hound bites the gnoll shaman but does no damage.
You are too injured to fight recklessly!
The gnoll shaman hits you but does no damage.
Your hound closely misses the gnoll shaman.
Your quokka barely misses the gnoll shaman.
The gnoll barely misses you.
Your white imp misses the gnoll shaman.
The hobgoblin barely misses your hound.
You barely miss the gnoll shaman.
The gnoll shaman is moderately wounded.
Your hound bites the gnoll shaman.
The gnoll shaman calls upon its god to heal the gnoll.
The gnoll is healed somewhat.
Your quokka closely misses the gnoll shaman.
The gnoll hits you with a spear!
You die...

..g.#... #.# .......###.#
#.g....##.####
#...##....# #...##.##.###
#....gh.....#### .....
#......##g#.##)g..# #.#..
####.###....##ggh.#
#####.#.. #. #..####5@r.#
#.. ..... #.
#..####.5..######.###.#..
#.
#........................
########...######.# #..##
#...######รท###....
###...........##.#
#...........##.#
#...........##.#
#...............


You could see a gnoll shaman, a gnoll, a hobgoblin, a friendly hound, a friendly
crimson imp, a friendly white imp and a friendly quokka.

Vanquished Creatures
  An orc priest (D:3)
  2 adders (D:2)
  2 oozes
  A worm (D:2)
  2 dart slugs
  A leopard gecko (D:3)
  An orc (D:3)
  2 giant cockroaches (D:3)
  6 goblins
  6 hobgoblins
  4 jackals (D:3)
  2 bats (D:2)
  4 frilled lizards
  4 kobolds
  6 rats
44 creatures vanquished.

Vanquished Creatures (collateral kills)
  The ghost of kinenseiburu the Chopper, a weakling HOMo (D:3)
  Terence (D:2)
  2 gnolls (D:3)
  4 adders
  A worm (D:3)
  3 dart slugs
  An orc (D:3)
  2 bats
  3 giant cockroaches (D:1)
  4 goblins
  4 hobgoblins
  4 kobolds
  2 frilled lizards
  2 rats (D:1)
34 creatures vanquished.

Grand Total: 78 creatures vanquished

Notes
Turn   | Place    | Note
-------+----------+-------------------------------------------
     0 | D:1      | tarabluh the Deep Elf Summoner began the quest for the Orb.
     0 | D:1      | Reached XP level 1. HP: 10/10 MP: 6/6
   278 | D:1      | Reached skill level 3 in Dodging
   542 | D:1      | Reached XP level 2. HP: 3/15 MP: 5/8
  1198 | D:1      | Reached skill level 4 in Dodging
  1456 | D:1      | Reached XP level 3. HP: 11/19 MP: 9/9
  1840 | D:1      | Learned a level 2 spell: Call Imp
  1844 | D:1      | Learned a level 3 spell: Call Canine Familiar
  1848 | D:2      | Noticed Terence
  1865 | D:2      | Killed Terence
  2038 | D:2      | Reached skill level 5 in Dodging
  2410 | D:2      | Reached XP level 4. HP: 16/24 MP: 10/10
  3243 | D:3      | HP: 1/24 [orc priest/divine providence (10)]
  3249 | D:3      | Reached skill level 6 in Dodging
  3249 | D:3      | Reached XP level 5. HP: 2/28 MP: 11/11
  3527 | D:3      | Learned a level 3 spell: Summon Guardian Golem
  3642 | D:3      | Noticed kinenseiburu's ghost (weakling HOMo)
  3685 | D:3      | Killed kinenseiburu's ghost
  4090 | D:3      | Slain by a gnoll

Vault maps used:
D:1:      minmay_arrival_doors
D:2:      first_bread, uniq_terence

Skill      XL: |  1  2  3  4 |
---------------+-------------+-----
Dodging        | 3 4 5 6 |  6.4
Fighting       | |  0.7
Stealth        | |  2.4
Spellcasting   | |  3.4
Summonings     | |  4.6

Action                   |  1- 3 |  4- 6 || total
-------------------------+-------+-------++-------
Melee: Spear             |    81 |       ||    81
       Unarmed           |     3 |       ||     3
       Dagger            |    16 |    71 ||    87
Throw: Stone             |     3 |       ||     3
 Cast: Summon Small Mamm |    49 |    12 ||    61
       Call Imp          |     1 |    20 ||    21
       Call Canine Famil |     1 |     3 ||     4
 Stab: Sleeping          |     5 |     3 ||     8
       Distracted        |     1 |     2 ||     3
  Eat: Chunk             |     5 |     6 ||    11
Armor: Robe              |    14 |     8 ||    22
Dodge: Dodged            |    69 |    47 ||   116
